Map: [ESL] Data-C

Players

Lambo

  • Race: Zerg Zerg
  • Spawn Location: 9:00

TIME (Oliveira) - Winner!

  • Race: Terran Terran
  • Spawn Location: 3:00

Event: TSL 9

VOD

Have the link to the VOD?

Description

Time

  • Played on: Aug. 7, 2022, 8:41 a.m.
  • Length: 27:14

All games in this series

Show
View Real Time Build Order
Export as new Build Order

Lambo Zerg 

Build Orders: Hatch First 

Get SALT Encoding   

  12  0:00  Drone  
  13  0:12  Overlord  
  13  0:17  Drone  
  14  0:31  Drone x2  
  16  0:47  Hatchery  
  15  0:51  Drone  
  15  0:54  Drone  
  17  0:58  Drone  
  18  1:09  Extractor  
  17  1:13  Spawning Pool  
  17  1:15  Drone  
  17  1:20  Drone  
  18  1:29  Drone  
  19  1:39  Drone  
  20  1:49  Drone  
  21  2:00  Zergling x4, Queen x2  
  27  2:10  Drone  
  28  2:16  Hatchery  
  28  2:21  Drone  
  28  2:23  Overlord  
  28  2:41  Queen  
  28  2:43  Drone x4  
  34  2:49  Overlord  
  34  2:53  Metabolic Boost  
  34  2:56  Drone x2  
  36  3:06  Queen  
  36  3:11  Drone x3  
  41  3:13  Drone  
  41  3:15  Drone x2  
  44  3:22  Overlord  
  44  3:27  Overlord  
  44  3:29  Queen  
  44  3:31  Drone  
  47  3:36  Queen  
  47  3:39  Drone  
  50  3:42  Drone x2  
  50  3:48  Drone x4  
  55  3:51  Drone  
  55  3:52  Drone  
  55  3:54  Drone  
  59  4:00  Drone  
  59  4:02  Overlord  
  60  4:05  Overlord  
  60  4:06  Overlord  
  60  4:08  Drone  
  61  4:14  Overlord  
  61  4:18  Overlord  
  61  4:19  Overlord  
  61  4:20  Queen  
  61  4:21  Drone x2  
  61  4:23  Drone  
  66  4:27  Extractor  
  66  4:29  Lair  
  66  4:30  Drone x3  
  68  4:33  Drone x2  
  70  4:41  Zergling x4  
  70  4:42  Zergling x4  
  74  4:46  Hatchery  
  74  4:48  Zergling x2  
  74  4:49  Zergling x2  
  74  4:50  Drone x3  
  78  4:56  Drone x3  
  78  4:57  Drone  
  78  4:58  Baneling Nest  
  81  5:00  Drone  
  81  5:02  Queen  
  81  5:04  Extractor  
  81  5:06  Extractor  
  82  5:07  Overlord  
  82  5:10  Drone  
  82  5:11  Drone  
  84  5:14  Queen  
  84  5:19  Drone x2  
  84  5:20  Drone, Extractor  
  88  5:21  Drone  
  88  5:23  Drone x2  
  88  5:24  Overlord  
  88  5:26  Drone x2  
  93  5:29  Evolution Chamber  
  93  5:30  Drone x2, Evolution Chamber  
  93  5:31  Overlord  
  93  5:35  Drone x3  
  96  5:37  Overseer  
  96  5:41  Drone x2  
  100  5:43  Drone  
  100  5:47  Centrifugal Hooks  
  101  5:59  Drone x3  
  101  6:00  Queen, Drone x2  
  101  6:03  Zerg Ground Armor Level 1, Zerg Melee Weapons Level 1  
  108  6:07  Zergling x12  
  112  6:13  Zergling x6  
  116  6:18  Drone  
  116  6:21  Zergling x12  
  116  6:22  Hydralisk Den  
  121  6:26  Zergling x6  
  121  6:27  Baneling x5  
  121  6:28  Baneling x6, Hatchery  
  123  6:33  Zergling x10  
  123  6:34  Baneling x4  
  128  6:48  Overlord  
  128  6:50  Overlord  
  128  6:51  Grooved Spines  
  128  6:54  Overlord  
  126  6:57  Overlord  
  126  7:00  Drone x3  
  128  7:03  Overlord  
  128  7:06  Overseer, Overlord  
  128  7:07  Drone x2  
  128  7:08  Hydralisk x5, Drone x3  
  133  7:11  Extractor  
  142  7:17  Drone x2  
  142  7:22  Zergling x2, Hydralisk  
  147  7:23  Zergling x8  
  147  7:29  Baneling x6  
  151  7:30  Hydralisk x4  
  151  7:33  Baneling x2, Hydralisk  
  151  7:34  Hydralisk  
  151  7:35  Zergling x8, Extractor  
  166  7:38  Overlord  
  166  7:39  Overlord  
  166  7:41  Overlord  
  166  7:43  Zergling x4  
  162  7:48  Zergling x12  
  167  7:57  Hydralisk x2  
  167  7:58  Hydralisk x2  
  171  8:03  Zerg Melee Weapons Level 2  
  171  8:04  Infestation Pit  
  170  8:07  Drone x6  
  170  8:12  Drone x3  
  175  8:22  Pneumatized Carapace  
  175  8:23  Overseer  
  175  8:24  Zerg Ground Armor Level 2  
  175  8:27  Overlord  
  175  8:29  Zergling x20  
  175  8:31  Overseer  
  181  8:38  Zergling x20  
  169  8:42  Overseer  
  169  8:47  Hive  
  162  8:49  Drone x4  
  162  8:51  Zergling x16, Extractor  
  173  8:55  Muscular Augments  
  173  8:58  Drone x3  
  173  9:01  Spore Crawler, Queen x2  
  173  9:02  Spore Crawler  
  178  9:06  Zergling x8  
  178  9:12  Baneling x9  
  178  9:15  Extractor  
  177  9:19  Hydralisk  
  177  9:20  Zergling x10  
  177  9:22  Spore Crawler  
  177  9:23  Baneling x4  
  183  9:25  Overlord  
  184  9:33  Hatchery  
  183  9:43  Queen x3  
  183  9:44  Overlord  
  189  9:49  Overseer  
  189  9:53  Baneling  
  189  9:54  Baneling x11  
  189  9:55  Zergling x2  
  189  9:56  Zergling x6  
  188  10:01  Zergling x6  
  188  10:02  Zergling x4  
  189  10:09  Zergling x20  
  192  10:19  Queen  
  192  10:21  Adrenal Glands, Lurker Den  
  190  10:23  Drone x2  
  188  10:38  Baneling x11  
  188  10:39  Hatchery  
  188  10:40  Overlord x2  
  188  10:41  Zerg Ground Armor Level 3  
  188  10:42  Zerg Missile Weapons Level 1  
  187  10:49  Viper x2  
  190  10:52  Zergling x10  
  198  10:58  Baneling x3  
  198  11:01  Zergling x22  
  198  11:02  Spore Crawler  
  198  11:03  Spore Crawler  
  183  11:06  Zergling x14  
  183  11:09  Zergling x8  
  178  11:14  Baneling x10  
  177  11:20  Zergling x8  
  177  11:22  Spore Crawler  
  178  11:26  Zergling x8  
  178  11:27  Zergling x4  
  178  11:28  Baneling x11  
  181  11:32  Zergling x2  
  181  11:33  Zergling x6  
  181  11:37  Zergling x8  
  174  11:43  Zergling x4  
  174  11:44  Seismic Spines  
  176  11:47  Zergling x2  
  176  11:48  Baneling x2  
  176  11:49  Baneling x10  
  176  11:51  Zergling x6  
  179  11:54  Drone x3  
  179  11:56  Drone x4  
  179  11:57  Overlord  
  185  12:07  Zergling x20  
  194  12:09  Baneling x14  
  194  12:14  Spore Crawler  
  193  12:15  Baneling  
  193  12:16  Baneling x4  
  193  12:25  Zergling x12  
  193  12:29  Spore Crawler  
  198  12:36  Spore Crawler  
  197  12:38  Spore Crawler  
  196  12:51  Zergling x40  
  199  12:56  Zergling x22  
  178  13:01  Viper  
  178  13:03  Zergling x10  
  178  13:05  Zergling x2  
  179  13:08  Extractor  
  179  13:09  Zergling x4  
  179  13:10  Baneling x11, Extractor  
  179  13:12  Zerg Melee Weapons Level 3  
  178  13:13  Zergling x6  
  178  13:14  Baneling x10  
  178  13:16  Zergling x2  
  178  13:18  Zerg Missile Weapons Level 2  
  181  13:20  Drone x5  
  181  13:23  Zergling x2  
  181  13:24  Zergling x2  
  188  13:28  Hatchery  
  188  13:29  Zergling x2  
  188  13:31  Adaptive Talons  
  188  13:32  Viper x2  
  191  13:37  Zergling x14  
  197  13:42  Zergling x4  
  177  13:52  Zergling x16  
  173  13:58  Hydralisk x2  
  173  13:59  Hydralisk x5  
  173  14:01  Zergling x8  
  173  14:02  Zergling x2  
  191  14:16  Drone  
  191  14:17  Drone x2  
  194  14:21  Zergling x8  
  194  14:22  Hatchery  
  194  14:36  Baneling x17  
  192  14:39  Zergling x10  
  192  14:44  Unknown  
  196  14:47  Baneling x12  
  196  14:48  Overlord  
  194  14:58  Zergling x4  
  196  15:05  Spore Crawler  
  195  15:10  Zergling x2  
  195  15:11  Zergling x8  
  200  15:20  Zergling x32  
  181  15:31  Viper x2  
  181  15:33  Zergling x32  
  181  15:34  Baneling x12  
  181  15:35  Baneling x3  
  191  15:45  Baneling x9  
  191  15:48  Zergling x2  
  191  15:49  Zergling x8  
  187  15:53  Zergling x2  
  188  16:01  Overlord  
  188  16:02  Zergling x10  
  188  16:03  Zergling x12  
  182  16:07  Zergling x6  
  171  16:13  Hydralisk x4  
  171  16:15  Hydralisk x2  
  171  16:16  Hydralisk  
  171  16:18  Hydralisk  
  170  16:22  Lurker x7  
  170  16:24  Hydralisk x2  
  179  16:27  Hydralisk  
  179  16:33  Hydralisk  
  179  16:39  Lurker x4  
  180  16:41  Overseer  
  169  16:47  Hydralisk x3  
  148  16:54  Lurker x2  
  148  16:55  Lurker x5  
  148  16:56  Zergling x2  
  148  16:59  Zergling x4  
  150  17:02  Overseer  
  150  17:05  Zergling x10  
  146  17:10  Zergling x8  
  146  17:15  Zergling x8  
  139  17:18  Zergling x4  
  139  17:21  Hydralisk  
  128  17:27  Hydralisk x3  
  132  17:35  Lurker x2  
  132  17:36  Viper x2  
  140  17:46  Lurker  
  140  17:47  Lurker x2  
  140  17:49  Hatchery  
  142  17:54  Viper  
  145  18:03  Zergling x18  
  154  18:08  Extractor  
  154  18:09  Zerg Missile Weapons Level 3  
  153  18:13  Extractor  
  153  18:14  Extractor  
  153  18:17  Overseer, Viper  
  153  18:18  Hydralisk  
  153  18:30  Lurker x2  
  155  18:36  Drone x2  
  155  18:37  Drone  
  155  18:38  Drone x3  
  155  18:39  Hydralisk x3  
  167  18:46  Overseer  
  167  18:52  Hydralisk x2  
  171  19:03  Drone  
  171  19:06  Lurker x2  
  171  19:07  Lurker x2, Hatchery  
  175  19:10  Overseer x3  
  175  19:12  Hydralisk x2  
  171  19:19  Hydralisk x2  
  152  19:38  Zergling x6  
  152  19:39  Zergling x24  
  152  19:40  Lurker  
  168  19:50  Lurker x3  
  168  19:51  Zergling x10  
  176  20:01  Overseer x2  
  176  20:10  Zergling x8  
  180  20:19  Overlord  
  147  20:38  Hatchery  
  147  20:42  Hydralisk x4  
  154  20:52  Zergling x28  
  168  20:57  Zergling x8  
  172  21:06  Lurker  
  172  21:09  Overlord x2  
  172  21:11  Spore Crawler, Spine Crawler  
  171  21:15  Hydralisk  
  160  21:30  Zergling x24  
  138  21:36  Zergling x2  
  127  21:42  Zergling x8  
  116  21:51  Hydralisk x3  
  118  21:56  Queen x3  
  118  22:00  Hydralisk x3  
  131  22:06  Hydralisk x3  
  131  22:07  Hydralisk  
  135  22:08  Hatchery  
  135  22:09  Lurker  
  135  22:10  Lurker  
  136  22:21  Unknown  
  136  22:22  Drone x9  
  141  22:24  Lurker x2  
  143  22:35  Pathogen Glands  
  143  22:36  Hydralisk x4  
  151  22:38  Hydralisk  
  153  22:44  Drone  
  153  22:45  Drone x2  
  154  22:52  Lurker  
  147  22:59  Overseer  
  147  23:00  Overseer x2  
  147  23:02  Overlord  
  147  23:03  Burrow, Overlord  
  144  23:05  Hatchery  
  144  23:06  Hydralisk  
  144  23:08  Overseer  
  141  23:21  Infestor x5  
  150  23:28  Drone x2  
  150  23:29  Drone x3  
  150  23:32  Infestor  
  157  23:36  Hydralisk  
  159  23:41  Hydralisk x2  
  159  23:42  Zergling x2  
  164  23:51  Hydralisk x2  
  164  23:52  Zergling x8  
  164  23:53  Baneling x4  
  164  23:54  Baneling  
  170  24:20  Infestor  
  170  24:22  Drone x2  
  170  24:23  Drone x4  
  175  24:24  Zergling x6  
  144  24:40  Zergling x22  
  144  24:43  Zergling x10  
  139  24:46  Zergling x8, Infestor x7  
  139  24:52  Zergling x6  
  139  24:53  Baneling x6  
  139  24:54  Lurker x3  
  139  24:55  Lurker  
  139  24:57  Zergling x14  
  142  25:01  Baneling x12  
  142  25:06  Overseer  
  142  25:08  Zergling x2  
  142  25:09  Zergling x12  
  145  25:18  Zergling x14  
  141  25:25  Zergling x10  
  139  25:29  Hydralisk  
  139  25:30  Hydralisk x4  
  145  25:40  Zergling x14  
  132  25:50  Drone x6  
  132  25:51  Queen x2  
  132  25:55  Hydralisk x2  
  146  25:57  Baneling x8  
  146  26:02  Zergling x12  
  146  26:03  Overseer  
  152  26:10  Infestor  
  151  26:13  Zergling x14  
  151  26:17  Zergling x4  
  157  26:22  Zergling x2  
  157  26:23  Zergling x6  
  161  26:27  Zergling x2  
  144  26:35  Zergling x14  
  123  26:51  Zergling x16  
Show
View Real Time Build Order
Export as new Build Order

TIME Terran - Winner!

Build Orders: Reaper Expand 

Get SALT Encoding   

  12  0:00  SCV  
  13  0:12  SCV  
  14  0:17  Supply Depot  
  14  0:24  SCV  
  15  0:39  SCV  
  15  0:40  Barracks  
  16  0:44  Refinery  
  16  0:51  SCV  
  17  1:03  SCV  
  18  1:15  SCV  
  19  1:27  Reaper  
  19  1:28  Orbital Command  
  20  1:41  Command Center  
  20  1:49  Supply Depot  
  21  1:54  SCV  
  21  1:59  Marine  
  22  2:06  SCV  
  23  2:14  Factory  
  23  2:18  SCV  
  23  2:22  Barracks Reactor  
  24  2:30  SCV  
  25  2:41  Command Center  
  25  2:43  SCV  
  26  2:54  Orbital Command  
  26  2:55  SCV  
  27  3:01  Starport  
  27  3:06  Refinery  
  27  3:08  SCV  
  28  3:16  Hellion x2  
  33  3:20  SCV x2  
  33  3:22  Marine  
  35  3:32  SCV x2  
  37  3:37  Hellion x2  
  37  3:38  Starport Tech Lab  
  41  3:44  SCV  
  41  3:45  SCV  
  43  3:55  Orbital Command  
  43  3:57  Raven  
  43  3:59  SCV x2  
  47  4:03  Hellion x2  
  47  4:04  Supply Depot  
  47  4:05  Barracks Tech Lab  
  51  4:11  SCV x2  
  53  4:22  SCV  
  53  4:23  SCV  
  55  4:24  Hellion  
  55  4:25  Hellion, Marine  
  55  4:26  Stimpack  
  55  4:28  Supply Depot, SCV  
  61  4:34  SCV  
  61  4:35  SCV  
  63  4:42  SCV  
  63  4:43  Marine  
  65  4:46  SCV  
  65  4:48  SCV, Barracks  
  65  4:51  Barracks, Starport Reactor  
  65  4:52  Supply Depot  
  67  4:55  Factory Reactor  
  67  4:56  SCV  
  68  5:01  SCV  
  68  5:02  SCV  
  68  5:03  Engineering Bay x2  
  68  5:05  Marine  
  68  5:06  Refinery x2  
  71  5:08  SCV  
  71  5:13  SCV  
  73  5:14  SCV  
  73  5:15  Supply Depot  
  74  5:22  Orbital Command  
  74  5:24  Barracks, Marine  
  74  5:26  SCV x2, Barracks  
  77  5:32  Terran Infantry Armor Level 1, Terran Infantry Weapons Level 1  
  77  5:34  Widow Mine x2  
  81  5:38  SCV x2  
  81  5:39  Supply Depot, Starport Reactor  
  81  5:40  Marine x2  
  85  5:43  Marine  
  85  5:44  Marine  
  85  5:48  SCV  
  85  5:49  Marine  
  89  5:50  SCV x2  
  91  5:57  Marine  
  91  5:59  Supply Depot, Marine  
  91  6:00  SCV  
  91  6:01  Supply Depot  
  91  6:02  Widow Mine x2  
  98  6:05  SCV  
  98  6:06  Marine x2  
  98  6:10  Combat Shield  
  101  6:13  Barracks Reactor x2  
  101  6:20  SCV x3  
  101  6:21  Marine x2  
  101  6:23  Medivac x2  
  101  6:24  Bunker  
  110  6:27  Supply Depot, Refinery, Marine x2  
  110  6:32  SCV, Widow Mine x2  
  117  6:48  SCV x3, Armory, Marine x3  
  117  6:49  Command Center, Marine x2  
  125  6:55  Factory  
  125  6:59  Marine  
  125  7:00  SCV  
  125  7:05  Supply Depot  
  125  7:07  Supply Depot  
  125  7:08  SCV x2  
  127  7:15  Marine x2  
  127  7:16  Command Center, Marine x2  
  127  7:17  Widow Mine  
  127  7:22  Missile Turret  
  133  7:26  SCV, Marine x2  
  133  7:27  Widow Mine  
  133  7:29  Marine  
  138  7:30  Marine  
  138  7:31  Medivac x2  
  138  7:34  Supply Depot, SCV  
  145  7:43  Marine x4  
  145  7:44  Terran Infantry Weapons Level 2, Marine  
  142  7:47  Terran Infantry Armor Level 2  
  142  7:55  Marine  
  142  7:57  Widow Mine x2  
  145  7:59  Drilling Claws  
  145  8:04  Marine  
  146  8:06  Marine x2  
  146  8:08  Marine  
  146  8:11  Widow Mine  
  146  8:12  Medivac x2  
  155  8:14  Supply Depot  
  155  8:17  Sensor Tower  
  155  8:19  Supply Depot  
  155  8:20  Marine  
  155  8:21  Marine  
  157  8:27  Marine  
  157  8:32  Marine  
  157  8:33  Marine  
  153  8:40  Marine  
  153  8:41  Marine x2  
  145  8:44  Siege Tank  
  145  8:47  Terran Vehicle Weapons Level 1  
  144  8:48  Marine  
  144  8:49  Marine  
  144  8:50  SCV x2  
  144  8:53  Marine x2  
  144  8:54  Refinery  
  144  8:55  Medivac x2  
  154  9:00  SCV, Factory Tech Lab  
  154  9:02  Barracks  
  150  9:03  Barracks, Marine  
  150  9:04  Marine  
  150  9:05  SCV, Barracks  
  153  9:10  Marine x2  
  153  9:12  Planetary Fortress  
  153  9:14  SCV  
  155  9:20  Marine x2  
  155  9:21  Siege Tank x2  
  155  9:23  SCV x2  
  156  9:26  SCV  
  156  9:27  Supply Depot, Marine x2  
  156  9:28  Marine  
  156  9:29  Marauder, Marine  
  156  9:30  Sensor Tower, Marine x2  
  165  9:34  Liberator x2  
  165  9:38  Marine x2  
  172  9:40  SCV x2  
  172  9:41  SCV  
  172  9:42  Supply Depot  
  172  9:45  Marine  
  177  9:50  Command Center  
  166  10:09  Siege Tank x2, Marine x3  
  166  10:10  Marine x3  
  166  10:11  Barracks Tech Lab x3  
  176  10:18  Marauder  
  176  10:19  Command Center  
  176  10:20  Marine x2  
  180  10:22  Liberator x2  
  184  10:30  Ghost Academy  
  184  10:31  Command Center  
  184  10:32  Marauder, Marine x3  
  184  10:33  Refinery x2  
  189  10:44  Terran Infantry Weapons Level 3  
  189  10:46  Marauder x2, Marine x4  
  197  10:57  Sensor Tower  
  173  11:06  Marine x2  
  173  11:07  Marauder x2  
  173  11:08  Marine x4  
  173  11:09  Marauder x2  
  177  11:13  Terran Infantry Armor Level 3  
  177  11:20  Marine x2  
  177  11:22  Siege Tank  
  177  11:24  Marine x2  
  184  11:26  Marine  
  184  11:28  Marauder  
  184  11:29  Marauder, Marine x3  
  184  11:30  Marauder x2  
  163  11:40  Marine x2  
  163  11:42  Marine  
  163  11:43  Marine  
  163  11:44  Marine  
  163  11:46  Concussive Shells  
  166  11:47  Marine  
  166  11:49  Siege Tank  
  166  11:50  Marauder x2, Marine  
  166  11:51  Marine  
  166  11:52  Marauder x2  
  178  12:03  Siege Tank  
  181  12:10  Orbital Command, Ghost x2  
  181  12:12  Ghost  
  181  12:13  Command Center  
  181  12:15  Planetary Fortress  
  187  12:16  Missile Turret  
  187  12:21  Missile Turret  
  187  12:23  Missile Turret  
  187  12:25  Ghost  
  187  12:26  Factory  
  189  12:30  Siege Tank  
  189  12:34  Refinery  
  189  12:35  Terran Vehicle Weapons Level 2  
  189  12:36  Refinery  
  192  12:42  Missile Turret  
  192  12:44  Missile Turret  
  192  12:50  Siege Tank  
  192  12:51  Marine x2  
  162  12:59  Marine  
  162  13:01  Medivac  
  162  13:02  Medivac  
  167  13:06  Siege Tank  
  167  13:11  Factory Reactor  
  167  13:12  Marine  
  170  13:13  Marine  
  170  13:19  Marine x2  
  173  13:24  Siege Tank  
  175  13:30  Ghost x4  
  175  13:34  Marine  
  169  13:54  Siege Tank  
  169  13:55  Widow Mine x2  
  171  14:01  Bunker  
  167  14:02  Sensor Tower  
  167  14:06  Siege Tank  
  167  14:08  Planetary Fortress  
  170  14:11  SCV  
  170  14:12  SCV  
  172  14:18  Missile Turret  
  172  14:19  Missile Turret  
  172  14:20  SCV x2, Widow Mine x2  
  172  14:21  Missile Turret  
  172  14:23  Missile Turret x2  
  178  14:30  SCV  
  178  14:32  Siege Tank, Ghost x2  
  178  14:34  SCV x2  
  186  14:40  Siege Tank  
  186  14:42  Sensor Tower  
  189  14:45  SCV x2  
  189  14:48  Hi-Sec Auto Tracking, Neosteel Armor  
  189  14:52  Widow Mine  
  193  14:59  Widow Mine  
  195  15:10  Command Center  
  195  15:13  Siege Tank  
  179  15:21  Marine  
  179  15:22  Marine  
  179  15:23  Marauder  
  179  15:29  Marine x2  
  179  15:30  Marauder  
  179  15:31  Command Center  
  179  15:34  Siege Tank  
  180  15:46  Widow Mine x2  
  180  15:47  Ghost  
  174  15:53  Siege Tank  
  169  16:07  Marine x3  
  169  16:08  Marine x2  
  169  16:09  Marine x2  
  169  16:10  Marauder  
  169  16:17  Widow Mine x2  
  172  16:24  Orbital Command  
  171  16:27  Siege Tank  
  171  16:30  Siege Tank  
  173  16:46  Marine  
  158  16:52  Marine x2  
  158  16:53  Marauder  
  147  16:59  Siege Tank, Marine x2  
  139  17:10  Marauder, Marine x3  
  139  17:15  SCV  
  121  17:24  Marauder x2, Marine x3  
  121  17:28  Marine x3  
  121  17:29  Marauder  
  127  17:30  SCV, Widow Mine x2  
  127  17:32  SCV  
  127  17:34  SCV  
  130  17:41  Siege Tank  
  135  17:45  Siege Tank  
  135  17:48  SCV  
  137  17:56  Command Center, Ghost  
  139  18:02  Ghost x2  
  139  18:04  SCV  
  144  18:10  SCV x2, Widow Mine x2  
  149  18:16  Sensor Tower  
  149  18:17  Siege Tank  
  149  18:19  Terran Vehicle Weapons Level 3  
  152  18:24  Ghost x2  
  152  18:31  Siege Tank  
  155  18:34  Marine x2  
  155  18:35  Marine x2  
  155  18:38  Widow Mine  
  155  18:39  Widow Mine  
  163  18:44  Ghost x2  
  167  18:53  Ghost x2  
  171  19:01  Sensor Tower  
  171  19:03  Siege Tank  
  174  19:10  Siege Tank  
  174  19:12  Ghost  
  174  19:14  Ghost  
  181  19:18  Medivac  
  181  19:19  Medivac  
  170  19:37  Marauder, Marine x2  
  155  19:39  Siege Tank  
  155  19:41  Marine x2  
  155  19:42  Marauder, Marine  
  155  19:44  Unknown  
  163  19:49  Siege Tank  
  163  19:50  Medivac  
  163  19:52  Widow Mine  
  170  19:59  Marauder  
  172  20:12  Widow Mine  
  158  20:27  Marine x3  
  146  20:30  Personal Cloaking  
  146  20:31  Marine, Ghost x4  
  149  20:45  Planetary Fortress  
  149  20:48  Siege Tank x2  
  155  20:58  Marine  
  155  20:59  Ghost  
  155  21:00  Liberator x2  
  155  21:02  SCV  
  155  21:03  SCV  
  166  21:10  Missile Turret  
  166  21:13  Widow Mine x2  
  166  21:15  Ghost  
  172  21:22  Siege Tank  
  125  21:42  Marine x2  
  125  21:43  Marauder  
  125  21:45  Marine x3  
  125  21:46  Marauder x2  
  136  21:48  Siege Tank  
  136  21:52  Marine  
  138  21:55  Enhanced Shockwaves  
  138  21:59  SCV  
  139  22:02  SCV x3  
  139  22:03  SCV x2  
  139  22:04  Marine  
  145  22:09  Marine  
  145  22:10  Marine  
  145  22:12  Marine  
  145  22:14  SCV  
  149  22:20  Ghost  
  148  22:30  SCV, Ghost  
  150  22:38  Marine  
  150  22:39  Marine x2  
  150  22:43  SCV  
  154  22:49  Ghost x3  
  160  22:56  SCV  
  161  23:05  Ghost  
  153  23:26  Ghost  
  154  23:29  Liberator, Missile Turret  
  154  23:30  Liberator  
  154  23:31  Missile Turret  
  160  23:36  Command Center  
  160  23:39  Siege Tank x2  
  160  23:40  Marine x3  
  160  23:41  Marine  
  170  23:42  Marine  
  170  23:47  Widow Mine x2  
  175  23:52  SCV x2  
  177  23:57  SCV x2  
  179  24:05  SCV x2  
  179  24:06  SCV, Missile Turret  
  179  24:07  SCV, Sensor Tower  
  183  24:13  Siege Tank  
  184  24:19  Siege Tank  
  184  24:22  Widow Mine  
  184  24:23  Widow Mine  
  182  24:37  Marine  
  182  24:38  Marauder x2, Marine x3  
  165  24:49  Siege Tank  
  165  24:51  Widow Mine x2, Marine x3  
  174  24:53  Marine x2  
  174  24:54  Siege Tank  
  177  25:01  Marine  
  177  25:02  Marine x2  
  177  25:14  Marine  
  171  25:25  Widow Mine, Siege Tank  
  171  25:26  Widow Mine  
  165  25:30  Siege Tank  
  165  25:32  Planetary Fortress  
  159  25:44  Marine x3  
  159  25:49  Marauder x4, Marine  
  166  25:51  Widow Mine x2  
  170  26:02  Marine x2  
  172  26:10  Marauder  
  174  26:13  Missile Turret  
  174  26:14  Command Center  
  174  26:15  Marine x2  
  174  26:16  Marauder x2, Marine  
  181  26:19  Siege Tank  
  181  26:20  Siege Tank  
  177  26:33  Marine  
  177  26:39  Widow Mine  
  177  26:40  Marine  
  177  26:41  Marauder  
Tags
 
Add a new tag
Caveats
  • Supply blocks, unpowered buildings, or Contaminate may cause inaccurate times.
  • Supply counts are checked every 10 seconds.